 Dungeon Crawl Stone Soup version 0.20.1-1-g8b1a95d66d (webtiles) character file.

280 Hvezdomuz the Skirmisher (level 6, 0/59 HPs)
             Began as a Troll Assassin on Nov 20, 2017.
             Was an Initiate of Dithmenos.
             Killed by divine providence
             ... invoked by an orc priest
              (10 damage)
             ... on level 4 of the Dungeon on Nov 21, 2017.
             The game lasted 00:32:44 (1995 turns).

Hvezdomuz the Skirmisher (Troll Assassin)           Turns: 1995, Time: 00:32:45

Health: 0/59       AC:  8    Str: 18    XL:     6   Next: 5%
Magic:  5/5        EV: 10    Int:  7    God:    Dithmenos [......]
Gold:   146        SH:  0    Dex: 13    Spells: 5/5 levels left

rFire    . . .     SeeInvis .   j - -2 hand axe (curse)
rCold    . . .     Gourm    +   (no shield)
rNeg     . . .     Faith    .   c - +0 robe
rPois    .         Spirit   .   (helmet restricted)
rElec    .         Reflect  .   d - +0 cloak
rCorr    .         Harm     .   (gloves unavailable)
MR       .....                  (boots unavailable)
Stlth    ++........             (no amulet)
Regen    1.0/turn               (no ring)
MPRegen  0.1/turn               (no ring)

@: no status effects
A: unfitting armour, claws 3, thin metallic scales 1, fast metabolism 3,
gourmand, regeneration 2, shaggy fur 1, tough skin 2, weak 1
a: Renounce Religion


You were on level 4 of the Dungeon.
You worshipped Dithmenos.
Dithmenos was noncommittal.
You were very hungry.

You visited 1 branch of the dungeon, and saw 4 of its levels.

You collected 146 gold pieces.

Inventory:

Hand Weapons
 a - a +2 dagger
 b - a +0 blowgun
 h - a +0 short sword
 i - a +0 dagger
 j - a cursed -2 hand axe (weapon)
 p - a +0 club
Missiles
 e - 16 poisoned needles (quivered)
 f - 2 curare-tipped needles
Armour
 c - a +0 robe (worn)
 d - a +0 cloak (worn)
Magical Staves
 q - an uncursed staff of air {unknown}
Wands
 l - a wand of scattershot (3/9)
Scrolls
 m - 4 scrolls of identify {unknown}
 n - a scroll of random uselessness {unknown}
 r - a scroll of blinking {unknown}
 t - a scroll of teleportation {unknown}
 v - a scroll of amnesia {unknown}
 w - a scroll of noise {unknown}
Potions
 k - a potion of cancellation {unknown}
 u - a potion of might {unknown}
Books
 s - a book of Callings

   Spells                             Type                      Level
   a - Summon Small Mammal            Summoning                    1
   b - Call Imp                       Summoning                    2
   c - Call Canine Familiar           Summoning                    3
   d - Summon Guardian Golem          Hexes/Summoning              3
   e - Summon Lightning Spire         Summoning/Air                4
   f - Summon Ice Beast               Ice/Summoning                4


   Skills:
 + Level 2.9 Fighting
 + Level 1.5 Short Blades
 + Level 2.6 Axes
 + Level 1.7 Throwing
 + Level 2.4 Dodging
 + Level 2.6 Stealth


You had 5 spell levels left.
You didn't know any spells.

Dungeon Overview and Level Annotations

Branches:
Dungeon (4/15)
 Temple: D:4-7

Altars:
Ashenzari
Cheibriados
Dithmenos
Kikubaaqudgha
Makhleb
Trog


Innate Abilities, Weirdness & Mutations

You are too large for most types of armour.
You have claws for hands.
Your metabolism is lightning-fast.
You like to eat raw meat.
You heal very quickly.
You are covered in fur. (AC +1)
You have very tough skin. (AC +2)
You are partially covered in thin metallic scales. (AC +2)
You are weak. (Str -2)


Message History

You toss away a poisoned needle.
You hear some strange, mumbled words.
A magic dart appears from out of thin air!
The magic dart hits you!
The orc priest mumbles some strange prayers to Beogh against you.
Beogh smites you!
* * * LOW HITPOINT WARNING * * *
Okay, then.
It was a potion of mutation.
You feel extremely strange.
You begin to heal more quickly.
You feel weaker.
Thin metallic scales grow over part of your body.
You hear some strange, mumbled words.
Something tries to affect you, but you resist.
The orc priest invokes the aid of Beogh against you.
Beogh smites you!
* * * LOW HITPOINT WARNING * * *
The orc priest miscasts a cantrip.
The orc priest mumbles some strange prayers to Beogh against you.
Beogh smites you!
You die...

#######.......###.######
####..........## .......
#....##.......# .....
#....##.......# #...
#....##l......# ..#
#.....#+############.#####
#.........................
#........###.....####.####
#........@..o..o...(....).
#...รท....###.....#####.###
########........#........#
#.# #
................#........#
#.###
................#........#
#..##
............#...#........#
##.##
............#...#........#
#.##
.............####........#
#..# ......##.....#
#........# ##.#


You could see an orc priest and an orc.

Vanquished Creatures
  A hungry ghost (D:3)
  A bullfrog (D:4)
  A hound (D:4)
  Ijyb (D:3)
  An adder (D:3)
  A worm (D:2)
  A dart slug (D:2)
  6 orcs
  A giant cockroach (D:4)
  2 goblins
  4 hobgoblins
  A quokka (D:3)
  A ball python (D:4)
  3 bats
  2 frilled lizards
  3 kobolds
  3 rats
33 creatures vanquished.

Notes
Turn   | Place    | Note
-------+----------+-------------------------------------------
     0 | D:1      | Hvezdomuz the Troll Assassin began the quest for the Orb.
     0 | D:1      | Reached XP level 1. HP: 19/19 MP: 0/0
   361 | D:1      | Reached XP level 2. HP: 18/27 MP: 1/1
   594 | D:2      | Reached skill level 1 in Dodging
   749 | D:3      | Found a bloodstained altar of Trog.
   749 | D:3      | Found a shattered altar of Ashenzari.
   754 | D:3      | Found a shadowy altar of Dithmenos.
   759 | D:3      | Found an ancient bone altar of Kikubaaqudgha.
   761 | D:3      | Found a snail-covered altar of Cheibriados.
   816 | D:3      | Became a worshipper of Dithmenos the Shadowed
  1009 | D:3      | Reached skill level 1 in Axes
  1009 | D:3      | Reached XP level 3. HP: 30/35 MP: 2/2
  1052 | D:3      | Noticed Ijyb
  1095 | D:3      | Killed Ijyb
  1198 | D:3      | Noticed a hungry ghost
  1284 | D:3      | Killed a hungry ghost
  1284 | D:3      | Reached XP level 4. HP: 16/44 MP: 3/3
  1284 | D:3      | Reached XP level 5. HP: 18/50 MP: 4/4
  1352 | D:3      | Paralysed by fainting for 11 turns
  1660 | D:4      | Found a burning altar of Makhleb.
  1662 | D:4      | Noticed a green death
  1667 | D:4      | Noticed a neqoxec
  1667 | D:4      | Noticed a hellwing
  1715 | D:4      | Reached XP level 6. HP: 26/59 MP: 5/5
  1986 | D:4      | Gained mutation: You heal very quickly. [potion of mutation]
  1986 | D:4      | Gained mutation: You are weak. (Str -2) [potion of mutation]
  1986 | D:4      | Gained mutation: You are partially covered in thin metallic scales. (AC +2) [potion of mutation]
  1987 | D:4      | HP: 2/59 [orc priest/divine providence (11)]
  1995 | D:4      | Killed from afar by an orc priest

Skill      XL: |  1  2  3 |
---------------+----------+-----
Dodging        | 1 2 |  2.4
Axes           | 1 2 |  2.6
Fighting       | 2 |  2.9
Short Blades   | |  1.5
Throwing       | |  1.7
Stealth        | |  2.6

Action                   |  1- 3 |  4- 6 || total
-------------------------+-------+-------++-------
Melee: Hand axe          |   225 |    86 ||   311
       Dagger            |     7 |       ||     7
  Use: Potion            |     4 |     1 ||     5
 Stab: Sleeping          |     1 |       ||     1
  Eat: Chunk             |     5 |     3 ||     8
       Bread ration      |     2 |     1 ||     3
       Meat ration       |     1 |       ||     1
       Royal jelly       |     1 |       ||     1
Armor: Robe              |   131 |    47 ||   178
Dodge: Dodged            |   168 |    74 ||   242
